 Dungeon Crawl Stone Soup version 0.20.1-1-g8b1a95d (webtiles) character file.

4133 Iscandelvey the Cleaver (level 10, -3/94 HPs)
             Began as a Minotaur Fighter on Dec 10, 2017.
             Was an Initiate of Okawaru.
             Killed from afar by an orc sorcerer (20 damage)
             ... with a bolt of negative energy
             ... on level 7 of the Dungeon.
             The game lasted 00:28:35 (6158 turns).

Iscandelvey the Cleaver (Minotaur Fighter)          Turns: 6158, Time: 00:28:36

Health: -3/94      AC: 15    Str: 22    XL:     10   Next: 6%
Magic:  9/9        EV:  3    Int:  6    God:    Okawaru [......]
Gold:   303        SH:  9    Dex: 11    Spells: 9/9 levels left

rFire    . . .     SeeInvis .   w - +3 hand axe
rCold    . . .     Gourm    .   c - +0 shield
rNeg     . . .     Faith    .   P - +0 plate armour
rPois    .         Spirit   .   (helmet restricted)
rElec    .         Reflect  .   M - +0 cloak
rCorr    .         Harm     .   l - +0 pair of gloves
MR       .....                  (no boots)
Stlth    ..........             (no amulet)
Regen    0.3/turn               y - +2 ring of protection
MPRegen  0.2/turn               (no ring)

@: drained
A: retaliatory headbutt, horns 2
a: Renounce Religion


You were on level 7 of the Dungeon.
You worshipped Okawaru.
Okawaru was noncommittal.
You were not hungry.

You visited 2 branches of the dungeon, and saw 8 of its levels.

You collected 303 gold pieces.

Inventory:

Hand Weapons
 a - a +0 war axe
 w - a +3 hand axe (weapon)
 x - a +0 arbalest
 A - a cursed -2 flail
 C - a cursed +1 short sword of freezing
 D - a +1 dire flail of protection
 E - a cursed +1 scimitar of protection
 J - the +6 mace of the Warrior {flame, +Fly MP+9 Int+2, unknown}
   (You found it on level 6 of the Dungeon)

   It has been specially enchanted to burn those struck by it, causing extra
   injury to most foes and up to half again as much damage against particularly
   susceptible opponents.
   It affects your intelligence (+2).
   It affects your magic capacity (+9).
   It lets you fly.
 L - a +3 quarterstaff of chaos
 O - a +0 quarterstaff of draining
Missiles
 S - 2 tomahawks (quivered)
Armour
 b - a +0 scale mail
 c - a +0 shield (worn)
 l - a +0 pair of gloves (worn)
 H - a +0 pair of boots
 I - a +2 leather armour of fire resistance
 M - a +0 cloak (worn)
 P - a +0 plate armour (worn)
Jewellery
 y - a +2 ring of protection (left hand)
Wands
 v - a wand of polymorph (8/24)
Scrolls
 e - 9 scrolls of identify {unknown}
 i - 3 scrolls of enchant weapon {unknown}
 k - 2 scrolls of enchant armour {unknown}
 n - 3 scrolls of immolation {unknown}
 o - 3 scrolls of remove curse
 p - 3 scrolls of fear {unknown}
 q - a scroll of magic mapping {unknown}
 t - a scroll of random uselessness {unknown}
 u - 2 scrolls of teleportation {unknown}
 B - a scroll of blinking {unknown}
 F - a scroll of recharging {unknown}
 G - a scroll of amnesia {unknown}
Potions
 d - a potion of might
 h - 4 potions of heal wounds {unknown}
 j - 2 potions of ambrosia {unknown}
 m - 2 potions of agility {unknown}
 s - 4 potions of curing
 z - 2 potions of haste {unknown}
 K - a potion of invisibility {unknown}
Books
 Q - a Young Poisoner's Handbook

   Spells                             Type                      Level
   a - Sting                          Conjuration/Poison           1
   b - Poisonous Vapours              Poison/Air                   2
   c - Mephitic Cloud                 Conjuration/Poison/Air       3
   d - Olgreb's Toxic Radiance        Poison                       4
   e - Venom Bolt                     Conjuration/Poison           5
Comestibles
 f - 6 bread rations
 g - 8 royal jellies
 r - 14 fruits
 N - 2 meat rations
 R - 4 chunks of flesh


   Skills:
 + Level 10.5(9.3) Fighting
 * Level 13.7(12.4) Axes
 - Level 3.8(2.8) Armour
 - Level 3.7(2.7) Shields


You had 9 spell levels left.
You didn't know any spells.

Dungeon Overview and Level Annotations

Branches:
Dungeon (7/15)             Temple (1/1) D:7

Altars:
Cheibriados
Dithmenos
Elyvilon
Fedhas
Hepliaklqana
Kikubaaqudgha
Makhleb
Nemelex Xobeh
Okawaru
Qazlal
Ru
Sif Muna
Uskayaw
Vehumet
Xom
Yredelemnul
Zin
The Shining One

Shops:
D:4 (


Innate Abilities, Weirdness & Mutations

You reflexively headbutt those who attack you in melee.
You have a pair of horns on your head.


Message History

The gnoll barely misses you.
You can move again.
Unknown command.
Okay, then.
The gnoll hits you but does no damage. The orc sorcerer casts a spell at you.
You suddenly lose the ability to move!
The orc sorcerer gestures wildly while chanting.
The orc sorcerer gestures wildly while chanting. x2
The gnoll hits you but does no damage. x2
The red devil hits you but does no damage.
You can move again.
The orc sorcerer gestures wildly while chanting.
The orc sorcerer casts a spell.
The red devil disappears in a puff of smoke!
The orc sorcerer mumbles some strange words.
The orc sorcerer shimmers violently.
The orc sorcerer casts a spell at you. The bolt of negative energy hits you!
You feel drained.
You die...

### ..# ### ###
#.###.## .. ..###.....#
##..###.#.###.## .....#
#.## #.# .....# #.#
#.### .....# #.# #.g.##
.....###o# ##.#.@#####
#..
.......#.###o........##
#.#
..4g4..#.##..≈≈≈.≈≈≈..#
#.#
..g3.4.4.g..3≈##)##≈≈.#
#.#
....o#####..≈##...##≈.#
#.# .....#
#..≈#.....#≈.## #.#
#...##
#..........≈..###.#
.....
##.)#.....#≈......#
##.##.
#.≈##...##≈.####.#


You could see a sun demon, an orc sorcerer and 2 gnolls.

Vanquished Creatures
  Pikel (D:5)
  2 orc sorcerers (D:7)
  Prince Ribbit (D:6)
  Grinder (D:3)
  A human (D:7)
  4 hogs (D:7)
  Duvessa (D:6)
  3 ogres
  A big kobold (D:7)
  3 bullfrogs
  Blork the orc (D:5)
  A water moccasin skeleton (D:6)
  Dowan (D:6)
  7 wights
  3 crimson imps
  A hound (D:4)
  A jelly (D:7)
  2 orc priests (D:5)
  Crazy Yiuf (D:6)
  3 orc wizards
  Jessica (D:2)
  A bullfrog skeleton (D:4)
  3 worker ants
  A hound zombie (D:6)
  A hound skeleton (D:5)
  2 worker ant zombies (D:7)
  4 gnolls (D:6)
  4 adders
  A shadow imp (D:6)
  2 oozes (D:2)
  7 dart slugs
  4 leopard geckos
  11 orcs
  A bat zombie (D:4)
  4 giant cockroaches
  8 hobgoblins
  15 jackals
  4 quokkas
  6 bats
  4 frilled lizards (D:3)
  7 goblins
  15 kobolds
  4 rats
  A rat zombie (D:4)
150 creatures vanquished.

Vanquished Creatures (others)
  A crimson imp (D:5)
1 creature vanquished.

Grand Total: 151 creatures vanquished

Notes
Turn   | Place    | Note
-------+----------+-------------------------------------------
     0 | D:1      | Iscandelvey the Minotaur Fighter began the quest for the Orb.
     0 | D:1      | Reached XP level 1. HP: 19/19 MP: 0/0
    92 | D:1      | Reached XP level 2. HP: 24/27 MP: 1/1
   490 | D:1      | Reached skill level 3 in Axes
   619 | D:2      | Reached XP level 3. HP: 27/33 MP: 2/2
   630 | D:2      | Noticed Jessica
   652 | D:2      | Killed Jessica
   652 | D:2      | Reached skill level 4 in Axes
   652 | D:2      | Reached XP level 4. HP: 23/41 MP: 3/3
   781 | D:2      | Found a sparkling altar of Nemelex Xobeh.
  1288 | D:3      | Noticed Grinder
  1301 | D:3      | Killed Grinder
  1301 | D:3      | Reached skill level 5 in Fighting
  1301 | D:3      | Reached skill level 6 in Axes
  1301 | D:3      | Reached XP level 5. HP: 21/48 MP: 4/4
  1301 | D:3      | Reached XP level 6. HP: 25/56 MP: 5/5
  2242 | D:4      | Found a stormy altar of Qazlal.
  2247 | D:4      | Found a deep blue altar of Sif Muna.
  2251 | D:4      | Reached skill level 7 in Axes
  2488 | D:4      | Found Wiesucs's Weapon Shop.
  2634 | D:4      | Found an ancient bone altar of Kikubaaqudgha.
  2826 | D:4      | Reached XP level 7. HP: 56/63 MP: 6/6
  2841 | D:5      | Entered Level 5 of the Dungeon
  2846 | D:5      | Found a snail-covered altar of Cheibriados.
  3252 | D:5      | Reached skill level 8 in Axes
  3396 | D:5      | Noticed Blork the orc
  3416 | D:5      | Killed Blork the orc
  3724 | D:5      | Found a burning altar of Makhleb.
  3726 | D:5      | Found a glowing silver altar of Zin.
  3726 | D:5      | Noticed an angel
  3726 | D:5      | Noticed a balrug
  3738 | D:5      | Noticed Pikel
  3767 | D:5      | Killed Pikel
  3767 | D:5      | Reached skill level 9 in Axes
  3767 | D:5      | Reached XP level 8. HP: 39/74 MP: 7/7
  4061 | D:5      | Reached skill level 10 in Axes
  4314 | D:6      | Noticed Prince Ribbit
  4696 | D:6      | Reached skill level 11 in Axes
  4743 | D:6      | Noticed Dowan
  4758 | D:6      | Killed Dowan
  4766 | D:6      | Noticed Duvessa
  5059 | D:6      | Killed Duvessa
  5059 | D:6      | Reached XP level 9. HP: 82/82 MP: 8/8
  5198 | D:6      | Got a crystal mace
  5208 | D:6      | Found a runed door.
  5212 | D:6      | Noticed Crazy Yiuf
  5217 | D:6      | Killed Crazy Yiuf
  5305 | D:6      | Killed Prince Ribbit
  5305 | D:6      | Reached skill level 12 in Axes
  5743 | D:7      | Reached skill level 10 in Fighting
  5751 | D:7      | Reached skill level 13 in Axes
  5787 | D:7      | Found a staircase to the Ecumenical Temple.
  5811 | Temple   | Entered the Ecumenical Temple
  5821 | Temple   | Became a worshipper of Warmaster Okawaru
  6032 | D:7      | Noticed an orc sorcerer
  6078 | D:7      | Killed an orc sorcerer
  6086 | D:7      | Noticed an orc sorcerer
  6092 | D:7      | Killed an orc sorcerer
  6092 | D:7      | Reached XP level 10. HP: 67/94 MP: 9/9
  6118 | D:7      | Noticed an orc sorcerer
  6119 | D:7      | Noticed an orc sorcerer
  6128 | D:7      | Paralysed by an orc sorcerer for 7 turns
  6139 | D:7      | Paralysed by an orc sorcerer for 2 turns
  6141 | D:7      | Noticed a sun demon
  6158 | D:7      | Killed from afar by an orc sorcerer

Skill      XL: |  1  2  3  4  5  6  7  8  9 |
---------------+----------------------------+-----
Fighting       | 4 5 6 7 8 10 | 10.5
Axes           | 3 4 6 7 9 11 13 | 13.7
Armour         | |  3.8
Shields        | |  3.7

Action                   |  1- 3 |  4- 6 |  7- 9 | 10-12 || total
-------------------------+-------+-------+-------+-------++-------
Melee: War axe           |    63 |    93 |       |       ||   156
       Headbutt          |     6 |    22 |    71 |     2 ||   101
       Hand axe          |       |    55 |   333 |     7 ||   395
  Use: Scroll            |       |       |     1 |       ||     1
  Eat: Chunk             |       |     6 |    10 |       ||    16
       Fruit             |       |       |     1 |       ||     1
Armor: Scale mail        |    33 |    68 |    73 |       ||   174
       Plate armour      |       |       |    30 |    23 ||    53
Dodge: Dodged            |    17 |    44 |    54 |     4 ||   119
Block: Shield            |    45 |    78 |   121 |     2 ||   246
